 Dungeon Crawl Stone Soup version 0.29-a0-472-ge5599a6 (webtiles) character file.

Game seed: 12938110813137154274

96 Think the Cutter (level 4, -1/31 HPs)
             Began as an Octopode Fighter on May 22, 2022.
             Splashed by a jelly's acid (10 damage)
             ... on level 2 of the Dungeon.
             The game lasted 00:03:12 (1791 turns).

Think the Cutter (Octopode Fighter)                 Turns: 1791, Time: 00:03:13

Health: -1/31      AC: -3    Str: 17    XL:     4   Next: 67%
Magic:  4/4        EV: 13    Int: 10    God:
Gold:   89         SH:  4    Dex: 11    Spells: 3/3 levels left

rFire   . . .      SeeInvis .   (no weapon)
rCold   . . .      Faith    .   b - +0 buckler
rNeg    . . .      Spirit   .   (helmet restricted)
rPois   .          Reflect  .   m - amulet of magic regeneration
rElec   .          Harm     .   (no ring)
rCorr   .          Rampage  .   (no ring)
Will    .....                   (no ring)
Stlth   ++........              (no ring)
HPRegen 0.10/turn               (no ring)
MPRegen 0.49/turn               (no ring)
                                (no ring)
                                (no ring)

@: corroded
A: almost no armour, amphibious, 8 rings, camouflage 1, gelatinous body 1,
(nimble swimmer 1), tentacles
a: no special abilities


You were on level 2 of the Dungeon.
You visited 1 branch of the dungeon, and saw 2 of its levels.

You collected 89 gold pieces.

Inventory:

Hand Weapons
 a - a +0 rapier
Armour
 b - a +0 buckler (worn)
Jewellery
 m - an amulet of magic regeneration (around mantle)
Scrolls
 d - a scroll of magic mapping {unknown}
 e - a scroll of teleportation {unknown}
 f - a scroll of poison {unknown}
 h - a scroll of enchant armour {unknown}
 l - a scroll of fog
 o - a scroll of vulnerability {unknown}
 p - a scroll of identify {unknown}
Potions
 c - a potion of might
 i - a potion of attraction {unknown}
 j - a potion of invisibility {unknown}
 k - a potion of degeneration {unknown}
 n - a potion of brilliance {unknown}


   Skills:
 - Level 3.0 Fighting
 + Level 4.7 Short Blades
 - Level 3.0 Dodging
 - Level 3.0 Shields


You had 3 spell levels left.
You didn't know any spells.
Your spell library was empty.

Dungeon Overview and Level Annotations

Branches:
Dungeon (2/15)

Altars:

Shops:
D:2 *


Innate Abilities, Weirdness & Mutations

You cannot wear most types of armour.
You are amphibious.
You can wear up to eight rings at the same time.
Your skin changes colour to match your surroundings (Stealth+).
Your rubbery body absorbs attacks. (AC +1, EV +1)
((You are camouflaged when in or above water. (Stealth+)))
You have tentacles for arms and can constrict up to eight enemies at once.


Message History

You close the door.
You start resting.
You hear a distant slurping noise.
The door mysteriously vanishes.
Things that are here:
a +0 dagger; 4 stones; a kobold skeleton
There is an open gate here.
You close the gate.
Items here: ( )) ÷÷.
There is a stone staircase leading down here.
You start resting.
You hear a distant slurping noise. x2
A jelly is nearby!
You hit the jelly but do no damage.
Your tentacles burn!
You squeeze the jelly.
The jelly is lightly wounded.
The jelly closely misses you.
You puncture the jelly!
Your tentacles burn!
The jelly is heavily wounded.
The jelly barely misses you.
You hit the jelly. The acid corrodes you!
Your tentacles burn!
The jelly is heavily wounded.
You block the jelly's attack.
You are too injured to fight recklessly!
Okay, then.
There is a stone staircase leading down here.
Okay, then.
You are now empty-tentacled.
The jelly completely misses you.
A jelly is nearby!
Really attack while wielding nothing? [Y]es or [N]o only, please.
Really attack while wielding nothing? [Y]es or [N]o only, please.
Really attack while wielding nothing?
You tentacle-slap the jelly.
Your tentacles burn!
You squeeze the jelly!
The jelly is almost dead.
The jelly hits you.
* * * LOW HITPOINT WARNING * * *
You are splashed with acid!
You die...

############ #..........#
#.########.# #.# ####.# ##.##
##....#####
###########...###.........#
#......[.......J>.........#
#.#####...#...#@#...#######
#..†..(.#.##.###################
#.#####...##)# #######.##.....)#
#.# ##.###.###....#.#.#PJP...#
#†# #.....##(....#.#.#÷...÷.#
##.# ####..+.)....#.#.#..P...#
...# #..+)..J....#.#JJ....# ##.#
##.+........#)#JP....# ##.#
#.##.......#J#.....J#


You could see a jelly.

Vanquished Creatures
  A jelly (D:2)
  2 adders (D:2)
  2 worms (D:2)
  4 bats (D:1)
  6 endoplasms (D:2)
  4 hobgoblins
  2 quokkas
  5 ball pythons
  4 goblins
  7 kobolds (D:2)
  3 rats (D:2)
40 creatures vanquished.

Vanquished Creatures (others)
  4 fungi (D:2)
  9 toadstools (D:2)
13 creatures vanquished.

Grand Total: 53 creatures vanquished

Notes
Turn   | Place    | Note
-------+----------+-------------------------------------------
     0 | D:1      | Think the Octopode Fighter began the quest for the Orb.
     0 | D:1      | Reached XP level 1. HP: 16/16 MP: 1/1
   327 | D:1      | Reached XP level 2. HP: 21/21 MP: 2/2
   491 | D:1      | Reached skill level 3 in Short Blades
   770 | D:2      | Reached XP level 3. HP: 26/26 MP: 3/3
   936 | D:2      | Found Teiq's Assorted Antiques.
  1188 | D:2      | Reached skill level 4 in Short Blades
  1350 | D:2      | Reached XP level 4. HP: 14/31 MP: 4/4
  1791 | D:2      | Splashed by a jelly's acid

Illustrated notes

Levels and vault maps discovered:
D:1:      minmay_arrival_four_houses, layout_loops_cross
D:2:      cheibrodos_fertilizer, layout_loops_ring, serial_shops,
          nicolae_shop_trees

Skill      XL: |  1  2  3 |
---------------+----------+-----
Short Blades   | 3 4 |  4.7
Fighting       | |  3.0
Dodging        | |  3.0
Shields        | |  3.0

Action                   |  1- 3 |  4- 6 || total
-------------------------+-------+-------++-------
Melee: Rapier            |    64 |    17 ||    81
       Constrict         |    16 |     1 ||    17
       Tentacles         |    10 |     5 ||    15
       Punch             |     1 |       ||     1
       Unarmed           |       |     1 ||     1
  Use: Potion            |     3 |     2 ||     5
       Scroll            |     1 |       ||     1
 Stab: Sleeping          |     7 |       ||     7
Armor: Skin              |     3 |       ||     3
Dodge: Dodged            |    30 |     9 ||    39
Block: Buckler           |    11 |     2 ||    13

Table legend: (Time is in decaauts)
 A = Elapsed time spent in this place.
 B = Non-inter-level travel time spent in this place.
 C = Inter-level travel time spent in this place.
 D = Time resting spent in this place.
 E = Time spent auto-exploring this place.
 F = Levels seen in this place.
 G = Mean time per level.
                   A        B        C        D        E       F      G
               +--------+--------+--------+--------+--------+-----+--------+
         Total |   1809 |   1761 |     48 |    209 |   1257 |   2 |  904.5 |
       Dungeon |   1809 |   1761 |     48 |    209 |   1257 |   2 |  904.5 |
               +--------+--------+--------+--------+--------+-----+--------+

Top non-repeatable levels by time:
     D:2: 1042 daAuts
     D:1: 767 daAuts
